[Event "*** Titled Tuesday 3|2 Blitz"]
[Site "Chess.com"]
[Date "2016.09.06"]
[Round "1"]
[White "matej2221"]
[Black "Abdodi"]
[Result "0-1"]
[WhiteElo "2392"]
[BlackElo "1937"]
[TimeControl "180+2"]
[EndTime "11:08:03 PDT"]
[Termination "Abdodi won by resignation"]

1. e4 c6 2. d4 d5 3. Nc3 dxe4 4.
Nxe4 Nd7 5. Nf3 Ngf6 6. Ng3 g6 7. Bc4 Bg7 8. O-O O-O 9. Qe2 Nb6 10. Bb3 Bg4 11. Rd1 Nbd5 12. c4 Nb6 13. Bg5 h6 14.
Bf4 Kh7 15. h3 Bxf3 16. Qxf3 a5 17. a4 Qd7 18. Be5 Rad8 19. Ne4 Nxe4 20. Qxe4 Qe6 21. Qe2 f6 22. Qe3 fxe5 23. d5 cxd5 24. cxd5 Qd6 25. Qe4 Rf4 26. Qe3 Nd7 27. Rac1 Rd4 28. Rxd4 exd4 29. Qe6 Nc5 30. Qxd6 exd6 31. Bc4 Nxa4 32. b3 Nb6 33. Bd3 Nxd5 34. Kf1 Nc3 35. Ke1 h5 36.
Rc2 Re8+ 37. Kf1 b5 0-1

[Event "*** Titled Tuesday 3|2 Blitz"]
[Site "Chess.com"]
[Date "2016.09.06"]
[Round "1"]
[White "Boryboy"]
[Black "Lali-Rustavi"]
[Result "1-0"]
[WhiteElo "2405"]
[BlackElo "1842"]
[TimeControl "180+2"]
[EndTime "11:08:06 PDT"]
[Termination "Boryboy won on time"]

1. d4 d5 2. Nf3 Nf6 3. c4 dxc4 4. g3 e6 5. Bg2 Be7 6. O-O O-O 7. Ne5 c5 8. dxc5 Bxc5 9. Nxc4 Nc6 10. Nc3 a6 11. Bg5 Be7 12. Qxd8 Rxd8 13. Rfd1 Bd7 14. Nb6 Be8 15.
Nxa8 Rxa8 16. Rac1 h6 17. Bf4 g5 18. Bd6 Kf8 19. Bxe7+ Kxe7 20. Na4 Rb8 21. Nc5 Kf8 22. Rd2 Ne7 23. Nxb7 Ned5 24. Nd6 Ba4 25. b3 Bd7 26. Nc4 Ke7 27. e4 Nb4 28. e5 Ne8 29. Nd6 Rb6 30. Nxe8 Kxe8 31. Rc7 Bb5 32. a4 1-0

[Event "*** Titled Tuesday 3|2 Blitz"]
[Site "Chess.com"]
[Date "2016.09.06"]
[Round "1"]
[White "LuckyTiger"]
[Black "Andrejkin"]
[Result "1-0"]
[WhiteElo "2539"]
[BlackElo "2219"]
[TimeControl "180+2"]
[EndTime "11:08:09 PDT"]
[Termination "LuckyTiger won by checkmate"]

1. e4 c5 2. c3 Nf6 3. e5 Nd5 4. Nf3 d6 5. d4 cxd4 6. Bb5+ Bd7 7. Bc4 Nb6 8. Bb3 Nc6 9. cxd4 dxe5 10. dxe5 e6 11.
Nc3 Be7 12. O-O O-O 13. Qe2 a6 14. Rd1 Qc7 15. Bf4 Na5 16. Bc2 Nac4 17. b3 Na5 18. Qd3 g6 19. Ng5 Rac8 20. Nge4 Rfd8 21. Qh3 Nd5 22. Bd2 Qxe5 23. Rac1 Ba3 24. Rb1 Nb4 25. Bg5 Nxc2 26. Nf6+ Kf8 27. Qh6+ Ke7 28. Nxh7+ Qxg5 29. Qxg5+ Ke8 30. Nf6+ Kf8 31. Nce4 Be7 32. Qh6# 1-0

[Event "*** Titled Tuesday 3|2 Blitz"]
[Site "Chess.com"]
[Date "2016.09.06"]
[Round "1"]
[White "NTBT_DHS"]
[Black "Zhani-Z"]
[Result "0-1"]
[WhiteElo "2524"]
[BlackElo "2272"]
[TimeControl "180+2"]
[EndTime "11:08:10 PDT"]
[Termination "Zhani-Z won by resignation"]

1. d4 Nf6 2. c4 e6 3. Nc3 Bb4 4.
e3 O-O 5. Ne2 d5 6. cxd5 exd5 7.
Nf4 c6 8. Bd3 a5 9. O-O Na6 10.
Qc2 Nc7 11. Nce2 Re8 12. a3 Bd6 13. Bd2 Ne6 14. Rfe1 Nxf4 15. Nxf4 Ne4 16. f3 Nxd2 17. Qxd2 Qf6 18. Bc2 Bf5 19. Bxf5 Qxf5 20. Nd3 Re7 21. Re2 h5 22. Rae1 Rae8 23. f4 f6 24. Nf2 Bc7 25. g3 Bb6 26. Kg2 Bc7 27. h3 Qg6 28. g4 h4 29. Kf3 f5 30. Qd3 Re4 31. g5 Qh5+ 32. Kg2 Bxf4 33. Nxe4 fxe4 34. exf4 exd3 35. Rxe8+ Kh7 36. g6+ Qxg6+ 37. Kf3 d2 38. R1e6 d1=Q+ 0-1

[Event "*** Titled Tuesday 3|2 Blitz"]
[Site "Chess.com"]
[Date "2016.09.06"]
[Round "1"]
[White "Tash_Boy"]
[Black "DanielNaroditsky"]
[Result "0-1"]
[WhiteElo "2385"]
[BlackElo "2759"]
[TimeControl "180+2"]
[EndTime "11:08:17 PDT"]
[Termination "DanielNaroditsky won by resignation"]

1. e4 e6 2. d4 d5 3. Nd2 Be7 4. Bd3 c5 5. dxc5 Nf6 6. Qe2 O-O 7. Ngf3 a5 8. e5 Nfd7 9. O-O Nxc5 10. Nd4 Nxd3 11. cxd3 Nc6 12. N2f3 Qb6 13. Be3 Qa6 14. Rfc1 Bd7 15. Nxc6 Bxc6 16. Bc5 Bxc5 17. Rxc5 Rac8 18. Nd4 Bd7 19. Rac1 b6 20. Rxc8 Rxc8 21. Rxc8+ Qxc8 22. Qd2 Qc5 23. Qc3 a4 24. a3 Kf8 25. Kf1 Ke7 26.
Ke2 f6 27. f4 fxe5 28. fxe5 Be8 29. Ke3 Kd7 30. g3 Bg6 31. h4 Bh5 32. Qe1 Qc7 33.
Kd2 Qc5 34. Ke3 Bg6 35. g4 h5 36. gxh5 Bxh5 37. Qg1 g6 38. Qf1 Qe7 39. Qf6 Qxf6 40.
exf6 e5 41. f7 exd4+ 42. Kxd4 Ke7 43. Kxd5 Bf3+ 44. Kc4 Bc6 45. b3 axb3 46. Kxb3 Kxf7 47. Kb4 Ke6 48. a4 Kf5 49. a5 bxa5+ 50. Kxa5 Kg4 51. Kb6 Bh1 52. Kc5 Kxh4 53. d4 g5 54. d5 Bxd5 55. Kxd5 g4 56. Ke4 g3 0-1

[Event "*** Titled Tuesday 3|2 Blitz"]
[Site "Chess.com"]
[Date "2016.09.06"]
[Round "1"]
[White "viktorskliarov"]
[Black "Ksenia_Legenko"]
[Result "1-0"]
[WhiteElo "2428"]
[BlackElo "2002"]
[TimeControl "180+2"]
[EndTime "11:08:25 PDT"]
[Termination "viktorskliarov won on time"]

1. e4 c6 2. d4 d5 3. e5 Bf5 4. Nf3 e6 5. Be2 c5 6. c4 Ne7 7. Nc3 Nbc6 8. dxc5 dxc4 9. Qxd8+ Kxd8 10. O-O a6 11.
Na4 Nd5 12. Bxc4 Kc7 13. a3 Bc2 14. Bxd5 Bxa4 15. Be4 Bxc5 16. b4 Be7 17. Be3 Rhd8 18. Rac1 h6 19. Nd4 Rac8 20. Nxc6 bxc6 21. f3 Kb7 22. Rf2 Rd7 23. g4 f6 24. exf6 Bxf6 25.
Rd2 Rxd2 26. Bxd2 Bb2 27. Rb1 Bd4+ 28. Kg2 Rd8 29. Bf4 e5 30. Bg3 Bc3 31. Rc1 Rd2+ 32. Kh3 Bd4 33. Kh4 Bb2 34. Rc5 Bd4 35. Ra5 Bb5 36.
a4 Bf1 37. b5 1-0

[Event "*** Titled Tuesday 3|2 Blitz"]
[Site "Chess.com"]
[Date "2016.09.06"]
[Round "1"]
[White "ZEN-22"]
[Black "Mornar1951"]
[Result "0-1"]
[WhiteElo "2274"]
[BlackElo "2557"]
[TimeControl "180+2"]
[EndTime "11:08:35 PDT"]
[Termination "Mornar1951 won by resignation"]

1. e3 g6 2. d4 Nf6 3. Ne2 Bg7 4. h4 c5 5. h5 Nxh5 6. Rxh5 gxh5 7. Nf4 cxd4 8. Nxh5 Rg8 9. Nxg7+ Rxg7 10. Qxd4 Qa5+ 11. Nc3 f6 12. Bd2 Nc6 13. Qh4 Qg5 14. Qh2 d6 15. O-O-O Be6 16. e4 Qg6 17. g3 O-O-O 18. Be2 f5 19. Bh5 Qf6 20. Nd5 Bxd5 21. exd5 Ne5 22. f4 Ng4 23. Qg1 Kb8 24. Bc3 Qf8 25. Bxg7 Qxg7 26.
Re1 Nf6 27. Bf3 Rg8 28. Bd1 Ne4 29. Qf1 Qxg3 30. c3 Rg7 31. Bc2 Nf6 32. Bxf5 Nxd5 33.
Re4 Qh2 34. Re1 Qxf4+ 35. Qxf4 Nxf4 36. Re4 e5 37. c4 b6 38. b4 h5 39. c5 bxc5 40. bxc5 Nd3+ 41. Kc2 Nxc5 42. Rh4 Rg5 43. Bh7 Kc7 44. Kc3 d5 45. Bc2 Kd6 46. Bd1 d4+ 47. Kc4 Ne6 48. Bxh5 Rg3 49. Bd1 Rc3+ 50. Kb4 Rc6 51. Bb3 Rb6+ 52. Kc4 Rc6+ 53. Kb4 Nc5 54.
Rh6+ Kc7 55. Rh8 Nxb3 56. axb3 Kd6 57. Rd8+ Ke6 58. Kb5 Rd6 59. Re8+ Kd5 60. Kb4 Rb6+ 61. Ka3 d3 62. Kb2 Rc6 63. b4 Kd4 64. Rd8+ Ke3 65. b5 Rc5 66. Rd7 Rxb5+ 67. Kc3 Rc5+ 68. Kb4 Rc8 69. Rxa7 d2 70. Rd7 Ke2 71. Re7 d1=Q 72. Rxe5+ Kf3 73. Rc5 Rxc5 74. Kxc5 Ke4 0-1

[Event "*** Titled Tuesday 3|2 Blitz"]
[Site "Chess.com"]
[Date "2016.09.06"]
[Round "1"]
[White "IamSchrodingersCat"]
[Black "kleinebeer98"]
[Result "1-0"]
[WhiteElo "2273"]
[BlackElo "2516"]
[TimeControl "180+2"]
[EndTime "11:08:45 PDT"]
[Termination "IamSchrodingersCat won by resignation"]

1. e4 e5 2. Nf3 Nc6 3. Bb5 f5 4.
d3 fxe4 5. dxe4 Nf6 6. O-O d6 7.
Nc3 Be7 8. Bc4 Na5 9. Bd3 O-O 10. h3 Kh8 11. Be3 Qe8 12. b4 Nc6 13. b5 Nd8 14.
Nd5 Nxd5 15. exd5 Qh5 16. Be4 h6 17. c4 b6 18. Re1 Nb7 19. a4 Nc5 20. Bxc5 bxc5 21. Qe2 Rf4 22. Bd3 Bxh3 23. Nxe5 Qxe5 24. Qxe5 dxe5 25. gxh3 Raf8 26. Ra2 Bh4 27. Rxe5 Bxf2+ 28. Kg2 R4f7 29. Rae2 Bh4 30. Re8 Kg8 31. Bg6 Rf6 32.
Rxf8+ Rxf8 33. Re8 Rxe8 34. Bxe8 Kf8 35. Bh5 Ke7 36.
Kf3 Kf6 37. Ke4 g6 38. Bg4 Bg3 39. Bc8 h5 40. a5 Ke7 41. Be6 Be1 42. a6 Bg3 43. Kf3 Bd6 44. Ke4 Kf6 45. Bd7 Kg5 46. Be8 Kf6 47. Bd7 Kg7 48. Be8 Kh6 49. Bf7 Kg5 50. Be8 Kh6 51. Bf7 g5 52. Kf5 Bf4 53. h4 Be3 54. d6 cxd6 55. b6 axb6 56. a7 Kg7 57. Bxh5 gxh4 58. a8=Q h3 59. Qa7+ 1-0

[Event "*** Titled Tuesday 3|2 Blitz"]
[Site "Chess.com"]
[Date "2016.09.06"]
[Round "1"]
[White "Keranke"]
[Black "SCIM"]
[Result "1-0"]
[WhiteElo "2556"]
[BlackElo "2259"]
[TimeControl "180+2"]
[EndTime "11:08:51 PDT"]
[Termination "Keranke won by resignation"]

1. d4 Nf6 2. c4 g6 3. g3 c6 4. Bg2 d5 5. Nf3 Bg7 6. Nbd2 O-O 7. O-O Bf5 8. b3 Ne4 9. Bb2 Nd7 10. Re1 Ndf6 11. Nf1 Qc8 12. Ne3 Bh3 13. Rc1 Bxg2 14. Kxg2 Qd8 15. Ne5 Rc8 16. f3 Nd6 17. Qd2 Bh6 18. Qd3 Qa5 19. Bc3 Qa6 20. Bb4 Rfd8 21.
Rc2 Bxe3 22. Qxe3 Nf5 23. Qf2 dxc4 24. Rxc4 Nd5 25. Bd2 Nb6 26. Rb4 Qxa2 27. e4 Nd6 28. Re2 Nb5 29. d5 Qa1 30. Ng4 h5 31. Nh6+ Kf8 32.
dxc6 bxc6 33. e5 Nd5 34. Rc4 Ndc3 35. Re1 Qb2 36. Bxc3 Qxf2+ 37. Kxf2 Nxc3 38. Rxc3 Kg7 39. Nxf7 Kxf7 40. Ke3 Rd5 41. f4 Ke6 42. Ra1 Rc7 43.
Ra6 Kd7 44. Ke4 e6 45. h3 Rd1 46. g4 Re1+ 47. Kf3 Rf1+ 48. Kg3 hxg4 49. hxg4 Rg1+ 50. Kh4 Rf1 51. Kg5 Rf2 52. Rd3+ Ke7 53. Rd6 Rf3 54. Rdxc6 Rd7 55. Rxe6+ Kf7 56. Rf6+ Ke8 57. Rxg6 Rxb3 58.
e6 Rd5+ 59. Kf6 1-0

[Event "*** Titled Tuesday 3|2 Blitz"]
[Site "Chess.com"]
[Date "2016.09.06"]
[Round "1"]
[White "AlexanderL"]
[Black "Baggio95"]
[Result "0-1"]
[WhiteElo "2529"]
[BlackElo "2324"]
[TimeControl "180+2"]
[EndTime "11:08:58 PDT"]
[Termination "Baggio95 won on time"]

1. d4 Nf6 2. c4 g6 3. Nc3 d5 4.
cxd5 Nxd5 5. e4 Nxc3 6. bxc3 Bg7 7. Qa4+ Nd7 8. Nf3 O-O 9. Be2 c5 10. O-O Qc7 11. Rb1 b6 12. Be3 Bb7 13. e5 e6 14. Nd2 a6 15. Qb3 b5 16. a4 Bd5 17. Qd1 c4 18. axb5 axb5 19. Rxb5 Qc6 20. Rb4 Bxg2 21. Rxc4 Qd5 22. Rc7 Bxf1 23. Bxf1 Nb6 24.
c4 Qa5 25. Rc5 Qa4 26. Qf3 Rab8 27. Rb5 Qc2 28. Qc6 Na4 29. Rxb8 Rxb8 30. Ne4 Nc3 31. Nd6 Ne2+ 32. Kg2 Nc3 33. Nxf7 Nd1 34. Qxe6 Nxe3+ 0-1

[Event "*** Titled Tuesday 3|2 Blitz"]
[Site "Chess.com"]
[Date "2016.09.06"]
[Round "1"]
[White "usbista"]
[Black "mwpchess"]
[Result "0-1"]
[WhiteElo "2090"]
[BlackElo "2445"]
[TimeControl "180+2"]
[EndTime "11:09:06 PDT"]
[Termination "mwpchess won by resignation"]

1. e4 c6 2. d4 d5 3. exd5 cxd5 4. Bd3 Nc6 5. c3 Qc7 6. Ne2 e6 7. Bf4 Bd6 8. Bxd6 Qxd6 9. O-O Nge7 10. Nd2 O-O 11.
f4 g6 12. Nf3 f6 13. a4 Bd7 14. g3 Rae8 15. Qd2 Nf5 16. Bxf5 exf5 17. Nc1 Re4 18. Nd3 Rfe8 19. Rfe1 b6 20. b4 Nd8 21. b5 Nb7 22. Nf2 Rxe1+ 23. Rxe1 Rxe1+ 24. Qxe1 Na5 25. Nd3 Nc4 26.
Nb4 Kf7 27. Nd2 Nxd2 28. Qxd2 h6 29. Qa2 Be6 30. a5 g5 31. axb6 axb6 32. Qa7+ Kg6 33. Nc6 gxf4 34. Qa8 fxg3 35. Qe8+ Kg5 36. Ne7 gxh2+ 37.
Kg2 Qf4 38. Qg6+ Kh4 39. Qxf6+ Qg5+ 40. Qxg5+ hxg5 41. Kxh2 f4 42. Ng6+ Kg4 43. Ne5+ Kf5 44. Kg2 g4 45. Kf2 Ke4 46. Ke2 g3 47. Kf1 f3 48.
Kg1 Bh3 0-1

[Event "*** Titled Tuesday 3|2 Blitz"]
[Site "Chess.com"]
[Date "2016.09.06"]
[Round "1"]
[White "dusanacns"]
[Black "Mepetmepe"]
[Result "0-1"]
[WhiteElo "2542"]
[BlackElo "2339"]
[TimeControl "180+2"]
[EndTime "11:09:08 PDT"]
[Termination "Mepetmepe won by resignation"]

1. e4 e5 2. Nc3 Nf6 3. g3 d5 4. exd5 Nxd5 5. Bg2 Nxc3 6. bxc3 Bd6 7. Nf3 O-O 8. O-O Nd7 9. d4 Re8 10. Re1 exd4 11. Rxe8+ Qxe8 12. cxd4 Nf6 13. c4 c6 14. Bb2 Bg4 15. h3 Bxf3 16. Qxf3 Qe7 17. c5 Bc7 18. Qb3 Rd8 19. Qxb7 Rb8 20. Qxa7 Rxb2 21. Qa8+ Qd8 22. Qxc6 Qxd4 23. Rf1 Qd8 24. a4 h6 25. Kh1 Rc2 26. Qb5 Qd4 27. Qb7 Rxc5 28. Qa7 Rc4 29. Qa8+ Qd8 30. Qa6 Rc5 31. Qe2 Qe8 32. Qd3 Qxa4 33. Rb1 Qd7 34. Qe2 Re5 35. Qc2 Qe7 36. Kh2 g6 37. Rb2 Kg7 38. Qc3 Rc5 39. Qa3 Bd6 40. Qa4 Re5 41. Rd2 Re2 42. Rd3 Rxf2 43. Qd4 Bc5 44.
Qh4 Re2 45. Rc3 Re3 46. Rc2 Bd6 0-1

[Event "*** Titled Tuesday 3|2 Blitz"]
[Site "Chess.com"]
[Date "2016.09.06"]
[Round "1"]
[White "severomorskij"]
[Black "hypert"]
[Result "1-0"]
[WhiteElo "2607"]
[BlackElo "2332"]
[TimeControl "180+2"]
[EndTime "11:09:15 PDT"]
[Termination "severomorskij won on time"]

1. d4 Nf6 2. Bg5 d5 3. Nd2 Nbd7 4. e3 e6 5. f4 c5 6. c3 Be7 7. Ngf3 b6 8. Bd3 a5 9. Qe2 Bb7 10. O-O Qc8 11. Ne5 h6 12. Bxf6 Nxf6 13. Bb5+ Kf8 14.
Ndf3 Ba6 15. a4 Bxb5 16. axb5 Ne4 17. Nc6 f5 18. Nfe5 Qe8 19. c4 Bd6 20. dxc5 Bxc5 21. cxd5 exd5 22. Rad1 Qe6 23. Kh1 g6 24. Nd4 Bxd4 25.
Rxd4 Kg7 26. Rc1 Rhc8 27. Rc6 Rxc6 28. bxc6 a4 29. Qc2 a3 30. bxa3 Rxa3 31. Rd1 d4 32. c7 Rc3 33. Qb2 dxe3 34. Rd7+ Qxd7 35. Nxd7 e2 36. Qa1 Kf7 37. Qe1 Rxc7 38. Ne5+ Kf6 39. Nd3 Rc2 40. h3 Rd2 41. Qh4+ Kf7 42. Ne1 Rd1 43.
Kh2 g5 44. Qh5+ Kg7 45. Qxe2 1-0

[Event "*** Titled Tuesday 3|2 Blitz"]
[Site "Chess.com"]
[Date "2016.09.06"]
[Round "1"]
[White "PowerThinking2650"]
[Black "Iuri_Shkuro"]
[Result "0-1"]
[WhiteElo "2159"]
[BlackElo "2482"]
[TimeControl "180+2"]
[EndTime "11:09:27 PDT"]
[Termination "Iuri_Shkuro won by resignation"]

1. e4 Nc6 2. d4 d5 3. e5 Bf5 4. c3 f6 5. f4 Nh6 6. Nf3 e6 7. Bb5 Be7 8. O-O O-O 9. Be3 Ng4 10.
Qe2 fxe5 11. fxe5 Qe8 12. Nbd2 Qg6 13. h3 Nxe3 14. Qxe3 Nb8 15. Kh2 h5 16. Rf2 a6 17.
Be2 Nd7 18. Raf1 c5 19. g3 Rac8 20. h4 Bg4 21. Bd3 Bf5 22. Bxf5 Rxf5 23. Ne1 Rcf8 24. Rxf5 Rxf5 25. Rxf5 Qxf5 26. Qf4 Qxf4 27. gxf4 Bxh4 28. Ng2 Bf2 29. Nf3 cxd4 30. cxd4 Kf7 31. f5 Nf8 32. Nf4 h4 33. fxe6+ Nxe6 34. Nxd5 Nxd4 35. Ng5+ Ke8 36. e6 Nf5 37. Kh3 Ne3 38. Nxe3 Bxe3 39. Nf7 Ke7 40. Kxh4 Kxe6 41. Nd8+ Kf5 42. Nxb7 Kf4 43. Kh3 Kf3 44. Nd6 g5 45. Nf5 g4+ 46. Kh2 Bf2 47. b4 g3+ 48.
Nxg3 Bxg3+ 49. Kh3 Be1 50. a3 Ke4 51. Kg2 Kd3 52. Kf1 Bc3 0-1

[Event "*** Titled Tuesday 3|2 Blitz"]
[Site "Chess.com"]
[Date "2016.09.06"]
[Round "1"]
[White "Sinquefield"]
[Black "GianmarcoVaR"]
[Result "1-0"]
[WhiteElo "2024"]
[BlackElo "2400"]
[TimeControl "180+2"]
[EndTime "11:09:30 PDT"]
[Termination "Sinquefield won on time"]

1. e4 c6 2. d4 d5 3. exd5 cxd5 4. Bd3 Nc6 5. c3 Nf6 6. Bf4 g6 7. Nd2 Bg7 8. Ngf3 O-O 9. O-O Bg4 10. h3 Bxf3 11.
Nxf3 Ne4 12. Bxe4 dxe4 13. Ng5 Qd5 14. Re1 f5 15. Qb3 Qxb3 16. axb3 e5 17. dxe5 Rfe8 18. e6 h6 19. Nf7 g5 20. Bh2 Rxe6 21. Nd6 f4 22. Nxe4 Rae8 23. f3 a6 24. Kf1 Ne5 25.
Nc5 Rc6 26. Nd3 Kf7 27. Nxe5+ Rxe5 28. Bg1 Rd5 29. Rad1 Rcd6 30. Rxd5 Rxd5 31. Ke2 Rb5 32. b4 a5 33. Kd3 axb4 34. Kc4 Ra5 35. Kxb4 Rd5 36. Re2 Rd1 37. Bc5 Rb1 38. Kb5 Bxc3 39. b4 Kg6 40. Re7 b6 41. Re6+ Kf5 42. Rxb6 Rb2 43. Kc4 Bg7 44. Rb7 Bf6 45. Rf7 1-0

[Event "*** Titled Tuesday 3|2 Blitz"]
[Site "Chess.com"]
[Date "2016.09.06"]
[Round "1"]
[White "Journey_to_GrandMaster_YT"]
[Black "Yaacovn"]
[Result "0-1"]
[WhiteElo "2360"]
[BlackElo "2663"]
[TimeControl "180+2"]
[EndTime "11:09:32 PDT"]
[Termination "Yaacovn won by resignation"]

1. d4 Nf6 2. Nf3 d5 3. c4 e6 4.
Nc3 Be7 5. Bg5 Nbd7 6. e3 Ne4 7. Bxe7 Qxe7 8. Bd3 Nxc3 9. bxc3 dxc4 10. Bxc4 O-O 11.
O-O b6 12. e4 Bb7 13. Re1 Nf6 14. Bd3 c5 15. Qe2 Rfd8 16. a4 Rac8 17. a5 cxd4 18.
cxd4 b5 19. e5 Nd5 20. Qe4 g6 21. a6 Ba8 22. Qg4 Nb4 23. Be4 Nc2 24. Bxc2 Rxc2 25.
Ng5 Qd7 26. Qh4 h5 27. Ne4 Bxe4 28. Rxe4 Rd2 29. g3 Rxd4 30. Rb1 Rd1+ 31. Rxd1 Qxd1+ 32.
Kg2 Qd5 33. Kh3 Rc8 34. Qf4 Qd3 35. Kg2 Rc4 36. Re3 Qd5+ 37. Qf3 Qxf3+ 38. Kxf3 Ra4 39. Rb3 b4 40. Ke4 g5 41. f4 gxf4 42. gxf4 Kg7 43. f5 Kh6 44. h4 Kg7 45. f6+ Kh6 46. Kd4 Kg6 47. Ke4 Rxa6 48. Rxb4 Ra1 49. Kf4 Rf1+ 50.
Ke4 Rh1 51. Kf3 Kf5 52. Rb7 Rxh4 53. Rxa7 Kxe5 54. Rxf7 Rf4+ 55. Ke3 Rxf6 56. Ra7 Kf5 57. Rh7 Kg6 58. Ra7 h4 59. Ra8 Kg5 60. Ra1 h3 61.
Rg1+ Kh4 62. Rg8 h2 63. Rh8+ Kg3 64. Rg8+ Kh3 65. Rh8+ Kg2 66. Rg8+ Kh1 67. Ke2 e5 68. Ke3 Rf1 69. Ke2 Rg1 70. Rh8 Rg7 71. Kf2 e4 72.
Rh3 Rf7+ 73. Kg3 Kg1 74. Rxh2 Rg7+ 0-1

[Event "*** Titled Tuesday 3|2 Blitz"]
[Site "Chess.com"]
[Date "2016.09.06"]
[Round "1"]
[White "yurisolo"]
[Black "RamonManon0g"]
[Result "1-0"]
[WhiteElo "2510"]
[BlackElo "2200"]
[TimeControl "180+2"]
[EndTime "11:09:37 PDT"]
[Termination "yurisolo won by resignation"]

1. e4 c5 2. Nf3 d6 3. d4 cxd4 4. Nxd4 Nf6 5. Nc3 a6 6. Bg5 e6 7.
f4 h6 8. Bh4 Qb6 9. a3 Nc6 10.
Bf2 Qc7 11. Nb3 Be7 12. Bd3 Bd7 13. Qf3 b5 14. O-O O-O 15. g4 b4 16. axb4 Nxb4 17.
Nd4 Nxd3 18. cxd3 Rfb8 19. g5 hxg5 20. fxg5 Nh7 21. Be3 Be8 22. g6 Nf6 23. gxf7+ Bxf7 24. Qg2 Rb4 25. Rf2 Rab8 26. Raf1 Kf8 27. Nd5 exd5 28.
Nf5 Ke8 29. Nxe7 Qxe7 30. Qxg7 Kd7 31. Qxf6 Rg8+ 32. Kh1 Qxf6 33. Rxf6 Bg6 34. Rg1 dxe4 35. Rgxg6 Rxg6 36. Rxg6 exd3 37. Rg2 Re4 38. Rg3 Kc6 39. Kg1 Kd5 40. Kf1 Kc4 41. Ke1 d5 42.
Kd1 d4 43. Bd2 Re2 44. h4 Rh2 45. Rg4 a5 46. Bg5 Rxb2 47. Rxd4+ Kc3 48. Rd5 Rb1+ 49. Bc1 a4 50. h5 a3 51. Ra5 Kb4 52. Rxa3 d2 53.
Kxd2 Kc5 54. Rh3 Rb7 55. h6 Rh7 56. Bb2 Kd5 57. Bg7 Ke6 58. Ke3 Kf7 59. Kf4 Kg6 60. Kg4 Kf7 61. Kg5 Kg8 62. Rf3 1-0

[Event "*** Titled Tuesday 3|2 Blitz"]
[Site "Chess.com"]
[Date "2016.09.06"]
[Round "1"]
[White "Astaneh"]
[Black "alturas_pacificas"]
[Result "1-0"]
[WhiteElo "2474"]
[BlackElo "2139"]
[TimeControl "180+2"]
[EndTime "11:09:47 PDT"]
[Termination "Astaneh won by resignation"]

1. d3 d5 2. Nf3 Nf6 3. Nbd2 Bf5 4. g3 e6 5. Bg2 h6 6. O-O Be7 7. c3 O-O 8. Re1 Bh7 9. Qb3 Qc8 10. e4 c6 11. e5 Nfd7 12. d4 c5 13. Nf1 Nc6 14.
Ne3 a6 15. h4 b5 16. Qd1 b4 17. Bd2 Rb8 18. Rc1 Qb7 19. Ng4 c4 20. Qe2 bxc3 21.
Bxc3 Nb4 22. Rcd1 Nxa2 23. Qe3 Nxc3 24. bxc3 Rfe8 25. Ra1 Ra8 26. Nd2 a5 27. Nxc4 Qc7 28. Nd2 Ra7 29. Rec1 Nb6 30. Qe2 Rc8 31. Ne3 a4 32. c4 dxc4 33. Ndxc4 Nxc4 34. Rxc4 Qd8 35. Rcxa4 Rd7 36. Ra8 Rdc7 37. Rxc8 Rxc8 38. d5 exd5 39. Nxd5 Bc5 40. e6 fxe6 41. Qxe6+ Kh8 42. Bh3 Rb8 43. Rd1 Qf8 44. Nf4 Rb2 45. Rf1 Rb8 46. h5 Re8 47. Qd5 Ba7 48. Bg2 Qa3 49. Qf7 Rf8 50. Qc7 Qxg3 51.
Ng6+ Bxg6 52. Qxg3 Bxh5 53. Qa3 1-0

[Event "*** Titled Tuesday 3|2 Blitz"]
[Site "Chess.com"]
[Date "2016.09.06"]
[Round "1"]
[White "ruifeng"]
[Black "Blitzstream"]
[Result "1-0"]
[WhiteElo "2333"]
[BlackElo "2548"]
[TimeControl "180+2"]
[EndTime "11:09:51 PDT"]
[Termination "ruifeng won by resignation"]

1. e4 d5 2. exd5 Qxd5 3. Nc3 Qa5 4. d4 Nf6 5. Bc4 Bg4 6. f3 Bf5 7. Ne2 e6 8. O-O c6 9. Ng3 Bg6 10. f4 Be7 11. f5 exf5 12. Qe2 Kf8 13. Bd3 Nbd7 14.
Nxf5 Bxf5 15. Rxf5 Qb6 16. Qf2 h5 17. b3 h4 18. h3 Rh5 19. Bg5 g6 20. Rxf6 Nxf6 21. Bxf6 Bxf6 22. Qxf6 Qd8 23. Qf4 Kg8 24. Rf1 Qd7 25.
Ne4 Qxd4+ 26. Kh1 Rf5 27. Qc1 Rxf1+ 28. Qxf1 Kg7 29. Qf4 Re8 30. a4 Qa1+ 31. Kh2 Qe5 32. Qxe5+ Rxe5 33. Kg1 f5 34. Nd2 Re1+ 35. Kf2 Ra1 36.
Nf3 Kf6 37. Nxh4 a5 38. Nf3 Ke6 39. g3 Ra2 40. Ke3 Ra1 41. Kf4 Kf6 42. h4 Rh1 43. Nd2 Rh2 44. Nc4 Rf2+ 45. Ke3 Rh2 46. Nxa5 Rh3 47.
Kf4 Rh2 48. Nxb7 Rf2+ 49. Ke3 Rg2 50. Kf3 Rd2 51. a5 Rd1 52. a6 Ra1 53. Nd8 c5 54. Nc6 Ke6 55. Kf4 Kd6 56. Nd8 Ke7 57. Nb7 Kf6 58.
Nxc5 Ra5 59. b4 Ra1 60. b5 Ra5 61. Nb3 Ra4+ 62. Kf3 Ke7 63. b6 Kd6 64. b7 Kc7 65. Nc5 Ra1 66. Nd7 1-0

[Event "*** Titled Tuesday 3|2 Blitz"]
[Site "Chess.com"]
[Date "2016.09.06"]
[Round "1"]
[White "nihalsarin"]
[Black "Polemistis"]
[Result "1-0"]
[WhiteElo "2400"]
[BlackElo "1796"]
[TimeControl "180+2"]
[EndTime "11:09:53 PDT"]
[Termination "nihalsarin won by resignation"]

1. d4 Nf6 2. Nf3 e6 3. c4 Bb4+ 4. Nbd2 b6 5. a3 Bxd2+ 6. Qxd2 Bb7 7. e3 Ne4 8. Qc2 f5 9. Be2 d6 10. O-O O-O 11. b4 Nd7 12. Bb2 Qe7 13. d5 e5 14.
Ne1 g6 15. Nd3 Nef6 16. Rac1 e4 17. Nf4 c6 18. dxc6 Bxc6 19. Rfd1 Rfd8 20. Qb3 Kh8 21. Nd5 Bxd5 22. Rxd5 Kg8 23. c5 Nxd5 24. Qxd5+ Qf7 25. Bc4 Qxd5 26. Bxd5+ Kf8 27. Bxa8 Rxa8 28. c6 Ne5 29. Bxe5 dxe5 30. Rd1 Rc8 31. b5 Rc7 32. Rd5 Ke7 33. a4 Ke6 34. Rd8 Ke7 35. Rd2 Ke6 36. Kf1 g5 37. Ke2 f4 38. f3 exf3+ 39. gxf3 h5 40. Kd3 g4 41. Ke4 fxe3 42. Kxe3 gxf3 43. Kxf3 h4 44.
Ke4 Rf7 45. Ke3 Rc7 46. Rg2 Kf5 47. Rg8 Ke6 48. Rh8 Kd6 49. Rxh4 Kc5 50. Re4 Kd5 51. h4 Rh7 52. Rg4 Kd6 53. Kf3 Kd5 54. Rg8 Kd6 55.
Kg4 e4 56. h5 e3 57. Re8 Re7 58. Rxe7 Kxe7 59. Kf3 1-0

[Event "*** Titled Tuesday 3|2 Blitz"]
[Site "Chess.com"]
[Date "2016.09.06"]
[Round "1"]
[White "ChessWarrior7197"]
[Black "popov_m"]
[Result "1-0"]
[WhiteElo "2480"]
[BlackElo "2131"]
[TimeControl "180+2"]
[EndTime "11:09:55 PDT"]
[Termination "ChessWarrior7197 won by resignation"]

1. e4 e6 2. d4 d5 3. Nd2 c5 4. Ngf3 cxd4 5. exd5 Qxd5 6. Bc4 Qd7 7. Nb3 Nc6 8.
Nbxd4 Nxd4 9. Nxd4 a6 10. O-O Nf6 11. c3 b5 12. Bb3 Be7 13. a4 Rb8 14. axb5 axb5 15.
Bf4 Rb6 16. Be3 O-O 17. Nf5 exf5 18. Bxb6 Qc6 19. Bd4 Bb7 20. f3 Nh5 21. Re1 Bh4 22.
Re5 Qg6 23. Qd2 Bxf3 24. Rf1 Be4 25. Bc2 Bg5 26. Qf2 Bh4 27. Qe2 Bf6 28. Rxb5 Bxd4+ 29. cxd4 Nf6 30. Bxe4 fxe4 31. Rc1 h5 32. Rbc5 Kh7 33. b4 Rd8 34. Rd1 Nd5 35. Kh1 Nf4 36. Qf1 Qg4 37.
h3 Qg3 38. Rc2 e3 39. Qe1 h4 40.
Qxg3 hxg3 41. Re1 e2 42. Rc4 Re8 43. Rc3 Nh5 44. d5 Kg6 45. d6 Kf5 46. d7 Rd8 47. Rxe2 Rxd7 48. Re1 g5 49. b5 Rb7 50.
Rb1 Ke4 51. b6 Kd5 52. Rc7 Rb8 53. b7 f5 54. Rc8 1-0

[Event "*** Titled Tuesday 3|2 Blitz"]
[Site "Chess.com"]
[Date "2016.09.06"]
[Round "1"]
[White "Gordima"]
[Black "andretta"]
[Result "0-1"]
[WhiteElo "2520"]
[BlackElo "2269"]
[TimeControl "180+2"]
[EndTime "11:10:02 PDT"]
[Termination "andretta won by resignation"]

1. d4 d5 2. c4 dxc4 3. Nf3 Nf6 4. e3 Bg4 5. h3 Bxf3 6. Qxf3 Nc6 7. Bxc4 e6 8. O-O Be7 9. Nc3 O-O 10. Rd1 Na5 11. Bf1 Nd5 12. e4 Nb6 13. b3 Bb4 14. Bb2 Qg5 15. g3 Nc6 16. h4 Qg6 17. Ne2 Rfd8 18.
Rac1 Bd6 19. e5 Bxe5 20. dxe5 Rxd1 21. Rxd1 Qc2 22. Nd4 Qxb2 23. Nxc6 bxc6 24. Qxc6 Rf8 25. Qxc7 Qxa2 26. Rd8 g6 27. Rxf8+ Kxf8 28. Qd8+ Kg7 29. Qf6+ Kg8 30. h5 Qd2 31. Qe7 Nd5 32. Qxa7 gxh5 33.
Qb8+ Kg7 34. Qd8 h6 35. Qh4 Qg5 36. Qxg5+ hxg5 37. Bc4 Nc3 38. b4 Kf8 39. Kg2 Ke7 40.
b5 Kd7 41. Bd3 Kc7 42. f4 gxf4 43. gxf4 Kb6 44. Kg3 Nxb5 45. Bxb5 Kxb5 46. Kh4 Kc5 47. Kxh5 Kd5 48. Kg5 Ke4 49. Kg4 Ke3 50. Kg5 Ke4 51. Kg4 Ke3 52. Kg5 Ke4 53. Kg4 Ke3 54. Kg5 Kf3 55. f5 Ke4 56. fxe6 fxe6 57. Kg4 Kxe5 0-1